 Dungeon Crawl Stone Soup version 0.30.1-11-g7821555f0a (webtiles) character file.

Game seed: 4909963860326322842

2963 Ijustatesigmund the Magician (level 9, -8/100 HPs)
             Began as a Gnoll Earth Elementalist on Nov 30, 2023.
             Was a Follower of Vehumet.
             Mangled by mihai's ghost (11 damage)
             ... on level 7 of the Dungeon.
             The game lasted 00:14:17 (7857 turns).

Ijustatesigmund the Magician (GnEE)                 Turns: 7857, Time: 00:14:17

Health: -8/100     AC: 13    Str:  7    XL:     9   Next: 81%
Magic:  14/19      EV: 13    Int: 26    God:    Vehumet [*.....]
Gold:   373        SH:  0    Dex: 12    Spells: 18/22 levels left

rFire   + . .        e - +4 morningstar (protect)
rCold   + . .        (no shield)
rNeg    . . .        a - +1 leather armour {Will+}
rPois   +            (no helmet)
rElec   +            l - scarf of the Vestibule of Hell {repulsion, rPois rCorr}
rCorr   +            (no gloves)
SInv    .            r - +1 pair of boots {Fly}
Will    +....        (no amulet) Stlth
                     k - +6 ring of intelligence
HPRegen 0.36/turn    n - ring of wizardry
MPRegen 0.16/turn

%: repel missiles, wizardry (x1)
@: berserking, resistant, under a protective aura, flying, very slightly
contaminated, very quick
A: fangs 1, strong nose, distributed training
a: Renounce Religion


You were on level 7 of the Dungeon.
You worshipped Vehumet.
Vehumet was aware of your devotion.
You visited 2 branches of the dungeon, and saw 8 of its levels.

You collected 483 gold pieces.
You spent 110 gold pieces at shops.

Inventory:

Hand Weapons
 c - a +4 short sword
 e - a +4 morningstar of protection (weapon)
Armour
 a - a +1 leather armour of willpower (worn)
 l - the scarf of the Vestibule of Hell (worn) {repulsion, rPois rCorr}
   (You found it on level 2 of the Dungeon)

   rPois:     It protects you from poison.
   rCorr:     It protects you from acid and corrosion.
 r - a +1 pair of boots of flying (worn)
Jewellery
 k - a +6 ring of intelligence (left hand)
 n - a ring of wizardry (right hand)
 v - a ring of resist corrosion
Wands
 h - a wand of paralysis (6)
 q - a wand of mindburst (13)
Scrolls
 d - a scroll of poison
 g - a scroll of noise {unknown}
 m - a scroll of enchant armour
 p - a scroll of magic mapping {unknown}
 t - a scroll of fear
Potions
 b - 2 potions of magic
 f - 2 potions of brilliance {unknown}
 i - 2 potions of flight
 j - 4 potions of resistance
 o - 3 potions of curing
 w - 2 potions of berserk rage
 x - 2 potions of cancellation {unknown}
 z - 2 potions of lignification {unknown}


   Skills:
 + Level 4.8 Fighting
 + Level 4.8 Short Blades
 + Level 4.8 Long Blades
 + Level 4.8 Axes
 + Level 4.8 Maces & Flails
 + Level 4.8 Polearms
 + Level 4.8 Staves
 + Level 4.8 Ranged Weapons
 + Level 4.8 Throwing
 + Level 4.8 Armour
 + Level 6.7 Dodging
 + Level 6.4 Stealth
 + Level 4.8 Shields
 + Level 4.8 Unarmed Combat
 + Level 7.0 Spellcasting
 + Level 3.9 Conjurations
 + Level 3.9 Hexes
 + Level 3.9 Summonings
 + Level 3.9 Necromancy
 + Level 3.9 Translocations
 + Level 4.5 Transmutations
 + Level 3.9 Fire Magic
 + Level 3.9 Ice Magic
 + Level 3.9 Air Magic
 + Level 6.8 Earth Magic
 + Level 3.9 Poison Magic
 + Level 5.2 Invocations
 + Level 4.8 Evocations


You had 18 spell levels left.
You knew the following spells:

 Your Spells              Type           Power      Damage    Failure   Level
a - Sandblast             Erth           88%        2d18      1%          1
b - Stone Arrow           Conj/Erth      74%        3d11      1%          3

Your spell library contained the following spells:

 Spells                   Type           Power      Damage    Failure   Level
 Magic Dart               Conj           100%       1d8       1%          1
 Necrotise                Necr           100%       1d9       1%          1
 Slow                     Hex            100%       N/A       1%          1
 Passwall                 Tmut/Erth      31%        N/A       1%          2
 Confusing Touch          Hex            29%        N/A       2%          3
 Inner Flame              Hex/Fire       29%        N/A       2%          3
 Vampiric Draining        Necr           29%        2d8       2%          3
 Petrify                  Tmut/Erth      38%        N/A       3%          4
 Manifold Assault         Tloc           29%        N/A       7%          4
 Yara's Violent Unravell  Hex/Tmut       15%        3d8       16%         5
 Agony                    Necr           29%        N/A       19%         5
 Dispersal                Tloc           14%        N/A       69%         6
 Enfeeble                 Hex            14%        N/A       99%         7
 Disjunction              Tloc           14%        N/A       100%        8


Dungeon Overview and Level Annotations

Branches:
Dungeon (7/15)             Temple (1/1) D:7

Altars:
Ashenzari
Cheibriados
Dithmenos
Elyvilon
Gozag
Hepliaklqana
Kikubaaqudgha
Makhleb
Nemelex Xobeh
Okawaru
Qazlal
Sif Muna
Trog
Uskayaw
Vehumet
Wu Jian
Xom
Yredelemnul
Zin
The Shining One

Shops:
D:2 :   D:5 ?

Annotations:
D:7 mihai's ghost, novice TrFi


Innate Abilities, Weirdness & Mutations

You have very sharp teeth.
Your uncanny sense of smell can sniff out nearby items.
Your experience applies equally to all skills.


Message History

Mihai's ghost hits you!
Okay, then.
It was a potion of curing.
You feel better. Mihai's ghost misses you.
Casting: Stone Arrow (safe; 1% risk of failure)
Confirm with . or Enter, or press ? or * to list all spells.
Aiming: Stone Arrow (safe; 1% risk of failure)
Press: ? - help, Shift-Dir - straight line, f - mihai's ghost
Aim: mihai's ghost (lightly damaged, 60% to hit)
You miscast Stone Arrow.
You are very lightly contaminated with residual magic.
Nothing appears to happen.
Mihai's ghost hits you.
Unknown command.
Casting: Stone Arrow (safe; 1% risk of failure)
Confirm with . or Enter, or press ? or * to list all spells.
Aiming: Stone Arrow (safe; 1% risk of failure)
Press: ? - help, Shift-Dir - straight line, f/p - mihai's ghost
Aim: mihai's ghost (lightly damaged, 60% to hit)
The stone arrow hits mihai's ghost!!
Mihai's ghost is moderately damaged.
Mihai's ghost hits you!
Unknown command.
It was a potion of berserk rage.
A red film seems to cover your vision as you go berserk!
You feel yourself moving faster!
You feel mighty! Mihai's ghost hits you!
You hit mihai's ghost.
Your weapon exudes an aura of protection.
Your punch misses mihai's ghost.
Mihai's ghost is moderately damaged.
Mihai's ghost hits you!!
* * * LOW HITPOINT WARNING * * *
You barely miss mihai's ghost.
Mihai's ghost is moderately damaged.
You puncture mihai's ghost!
Mihai's ghost is heavily damaged.
Mihai's ghost hits you!
* * * LOW HITPOINT WARNING * * *
You puncture mihai's ghost!
Mihai's ghost is severely damaged.
Mihai's ghost hits you!
You die...

#⌠.#.#.⌠# # #.#...#$#
# ###.....###
#.##KK'##.#
#..K......#
###...##### #
#..###.########
#######K.##.#........
#...@WKKK...........#
#.#####K.##.#.######.
#.# #..###..## ####
#.# #..###.#.###...
#.# #....[###.....#
#.# #..###.#.##..##
#.# #.....#.###.##
#.# #..##.#.# #.# #.#
#.......# #.#


You could see 5 kobold brigands and mihai's ghost.

Vanquished Creatures
  Joseph (D:7)
  Maggie (D:7)
  2 water moccasins
  A sky beast (D:6)
  2 ice beasts
  An orc warrior (D:7)
  An ogre (D:7)
  A phantom (D:4)
  2 kobold brigands (D:7)
  5 bullfrogs
  A scorpion (D:5)
  5 wights
  A crimson imp (D:3)
  6 orc priests
  3 hounds
  4 iguanas
  Ijyb (D:4)
  A sleepcap (Temple)
  6 orc wizards
  10 adders
  A gnoll (D:1)
  A shadow imp (D:7)
  A white imp (D:6)
  An adder skeleton (D:3)
  2 worms
  2 dart slugs
  18 orcs
  7 bats
  9 endoplasms
  2 giant cockroaches (D:2)
  9 goblins
  4 hobgoblins
  8 kobolds
  2 quokkas
  9 ball pythons
  A ball python skeleton (D:3)
  5 frilled lizards
  A giant cockroach zombie (D:3)
  A goblin skeleton (D:3)
  A goblin zombie (D:3)
  2 hobgoblin zombies (D:3)
  A kobold skeleton (D:3)
  2 orc zombies (D:3)
  A quokka skeleton (D:3)
  10 rats
156 creatures vanquished.

Notes
Turn   | Place    | Note
-------+----------+-------------------------------------------
     0 | D:1      | Ijustatesigmund the Gnoll Earth Elementalist began the
                  | quest for the Orb.
     0 | D:1      | Reached XP level 1. HP: 13/13 MP: 6/6
   298 | D:1      | Reached XP level 2. HP: 19/19 MP: 5/7
   483 | D:1      | Found a faded altar of an unknown god.
   686 | D:1      | Reached skill level 5 in Spellcasting
   686 | D:1      | Reached XP level 3. HP: 13/25 MP: 6/9
   839 | D:1      | Learned a level 3 spell: Stone Arrow
  1000 | D:1      | Reached skill level 1 in Invocations
  1295 | D:2      | Found Guryotte's Vocational Training.
  1575 | D:2      | Reached skill level 1 in Fighting
  1575 | D:2      | Reached skill level 1 in Short Blades
  1575 | D:2      | Reached skill level 1 in Long Blades
  1575 | D:2      | Reached skill level 1 in Axes
  1575 | D:2      | Reached skill level 1 in Maces & Flails
  1575 | D:2      | Reached skill level 1 in Polearms
  1575 | D:2      | Reached skill level 1 in Staves
  1575 | D:2      | Reached skill level 1 in Ranged Weapons
  1575 | D:2      | Reached skill level 1 in Throwing
  1575 | D:2      | Reached skill level 1 in Armour
  1575 | D:2      | Reached skill level 1 in Shields
  1575 | D:2      | Reached skill level 1 in Unarmed Combat
  1575 | D:2      | Reached skill level 1 in Evocations
  1674 | D:2      | Reached XP level 4. HP: 32/32 MP: 9/11
  2034 | D:2      | Identified the scarf of the Vestibule of Hell {repulsion,
                  | rPois rCorr}
  2148 | D:2      | Reached skill level 1 in Conjurations
  2148 | D:2      | Reached skill level 1 in Hexes
  2148 | D:2      | Reached skill level 1 in Summonings
  2148 | D:2      | Reached skill level 1 in Necromancy
  2148 | D:2      | Reached skill level 1 in Translocations
  2148 | D:2      | Reached skill level 1 in Fire Magic
  2148 | D:2      | Reached skill level 1 in Ice Magic
  2148 | D:2      | Reached skill level 1 in Air Magic
  2148 | D:2      | Reached skill level 1 in Poison Magic
  2402 | D:3      | Reached XP level 5. HP: 37/37 MP: 8/12
  2623 | D:3      | Found a glowing golden altar of the Shining One.
  3062 | D:3      | Found a basalt altar of Yredelemnul.
  3526 | D:4      | Noticed Ijyb
  3529 | D:4      | Killed Ijyb
  3530 | D:4      | Reached XP level 6. HP: 44/44 MP: 10/13
  3647 | D:4      | Found a burning altar of Makhleb.
  3686 | D:4      | Found an iron altar of Okawaru.
  3687 | D:4      | Found an opulent altar of Gozag.
  3766 | D:4      | Found a bloodstained altar of Trog.
  3772 | D:4      | Reached skill level 5 in Dodging
  3952 | D:4      | Found a snail-covered altar of Cheibriados.
  3952 | D:4      | Found a shimmering blue altar of Sif Muna.
  4177 | D:4      | Found a radiant altar of Vehumet.
  4186 | D:4      | Became a worshipper of Vehumet
  4470 | D:5      | Entered Level 5 of the Dungeon
  4470 | D:5      | Found Eroaxiw's Magic Scroll Boutique.
  4473 | D:5      | Bought a scroll of poison for 44 gold pieces
  4473 | D:5      | Bought a scroll of fear for 44 gold pieces
  4473 | D:5      | Bought a scroll of identify for 22 gold pieces
  4544 | D:5      | Noticed an ice beast
  4550 | D:5      | Killed an ice beast
  4551 | D:5      | Reached XP level 7. HP: 51/51 MP: 15/15
  4694 | D:5      | Reached skill level 5 in Stealth
  4951 | D:5      | Found a shimmering altar of Xom.
  5133 | D:5      | Reached XP level 8. HP: 48/58 MP: 16/16
  5595 | D:6      | Reached * piety under Vehumet
  5595 | D:6      | Offered knowledge of Magic Dart by Vehumet.
  5596 | D:6      | Reached skill level 6 in Spellcasting
  5814 | D:6      | Found a shadowy altar of Dithmenos.
  6341 | D:7      | Found a staircase to the Ecumenical Temple.
  6449 | Temple   | Entered the Ecumenical Temple
  6783 | D:7      | Reached XP level 9. HP: 56/65 MP: 11/18
  6872 | D:7      | Found a hide-covered altar of Uskayaw.
  6909 | D:7      | Noticed Joseph
  6913 | D:7      | Killed Joseph
  7078 | D:7      | Found a runed translucent gate.
  7078 | D:7      | Noticed mihai's ghost (novice TrFi)
  7079 | D:7      | Found a runed translucent gate.
  7079 | D:7      | Found a runed translucent gate.
  7431 | D:7      | Noticed Maggie
  7442 | D:7      | Killed Maggie
  7443 | D:7      | Reached skill level 5 in Invocations
  7844 | D:7      | Reached skill level 7 in Spellcasting
  7856 | D:7      | HP: 2/100 [mihai's ghost (9)]
  7857 | D:7      | Mangled by mihai's ghost

Illustrated notes

Levels and vault maps discovered:
D:1:      elethiomel_arrival_diamonds, layout_rooms,
          shapermc_ecumenical_altar_mp_urbaneastern, serial_curves,
          eino_curves_01, eino_curves_03, eino_curves_01, eino_curves_04,
          corexii_corridor_pit, kennysheep_nondescript,
          amcnicky_mini_corridor_feature
D:2:      layout_basic, corexii_corridor_pit, nicolae_shop_vocational
D:3:      layout_loops_ring, mainiacjoe_overflow_surrounded_room,
          nicolae_tso_besieged_by_evil, serial_undead, serial_undead_c,
          serial_undead_f, serial_undead_e, serial_undead_f, serial_undead_f,
          serial_undead_e
D:4:      cheibrodos_helix_gallery, layout_basic,
          nicolae_overflow_hidden_temple, mainiacjoe_overflow_brackets,
          mainiacjoe_overflow_cross_hatched, gammafunk_temple_overflow_wave,
          chequers_temple_overflow_statue_of_worship, uniq_ijyb
D:5:      layout_rooms, lemuel_doored_altar, serial_shops,
          nicolae_stop_n_shop_1, grunt_ministairs_15
D:6:      layout_loops_cross, mainiacjoe_overflow_six_doors_small,
          nicolae_concentric_dashed_squares_wild
D:7:      layout_loops_ring, nicolae_uskayaw_dance_hall,
          minmay_temple_entry_junction, gammafunk_ghost_nasty_kobolds,
          hangedman_decor_slide_cut, uniq_maggie, uniq_joseph
Temple:   hellmonk_temple_two_chambers

Skill      XL: |  1  2  3  4  5  6  7  8  9 |
---------------+----------------------------+-----
Transmutations | 2 3 4 |  4.5
Spellcasting   | 5 6 7 |  7.0
Invocations    | 1 2 3 4 5 |  5.2
Fighting       | 1 2 3 4 |  4.8
Short Blades   | 1 2 3 4 |  4.8
Long Blades    | 1 2 3 4 |  4.8
Axes           | 1 2 3 4 |  4.8
Maces & Flails | 1 2 3 4 |  4.8
Polearms       | 1 2 3 4 |  4.8
Staves         | 1 2 3 4 |  4.8
Ranged Weapons | 1 2 3 4 |  4.8
Throwing       | 1 2 3 4 |  4.8
Armour         | 1 2 3 4 |  4.8
Shields        | 1 2 3 4 |  4.8
Unarmed Combat | 1 2 3 4 |  4.8
Evocations     | 1 2 3 4 |  4.8
Conjurations   | 1 2 3 |  3.9
Hexes          | 1 2 3 |  3.9
Summonings     | 1 2 3 |  3.9
Necromancy     | 1 2 3 |  3.9
Translocations | 1 2 3 |  3.9
Fire Magic     | 1 2 3 |  3.9
Ice Magic      | 1 2 3 |  3.9
Air Magic      | 1 2 3 |  3.9
Poison Magic   | 1 2 3 |  3.9
Dodging        | 5 6 |  6.7
Stealth        | 5 6 |  6.4
Earth Magic    | 6 |  6.8

Action                     |  1- 3 |  4- 6 |  7- 9 || total
---------------------------+-------+-------+-------++-------
  Melee: Short sword       |    21 |    18 |       ||    39
         Bite              |       |     1 |     6 ||     7
         Morningstar       |       |       |    91 ||    91
         Punch             |       |       |     1 ||     1
   Cast: Sandblast         |    36 |    84 |    33 ||   153
         Stone Arrow       |       |       |    30 ||    30
  Evoke: Wand              |       |     3 |     7 ||    10
    Use: Scroll            |       |     4 |     4 ||     8
         Potion            |       |       |     6 ||     6
   Stab: Sleeping          |     6 |       |       ||     6
         Invisible         |       |       |     3 ||     3
 Armour: Robe              |     7 |     3 |       ||    10
         Leather armour    |       |     4 |    41 ||    45
  Dodge: Dodged            |    11 |    16 |   111 ||   138
         Repelled          |       |       |     2 ||     2
